 Dungeon Sprint DCSS version 0.20-a0-809-gaf7f668 (webtiles) character file.

1700000 esc the Fighter (level 13, -53/118 HPs)
             Began as a Demonspawn Warper on Mar 3, 2017.
             Was an Initiate of Makhleb.
             Annihilated by a meat berserker
             ... wielding a +9 battleaxe
              (55 damage)
             ... in the Dungeon (Sprint VIII: "Arena of Blood").
             The game lasted 00:00:17 (17 turns).

esc the Fighter (Demonspawn Warper)                   Turns: 17, Time: 00:00:18

Health: -53/118    AC:  6    Str: 15    XL:     13   Next: 0%
Magic:  16/30      EV: 21    Int: 14    God:    Makhleb [......]
Gold:   0          SH:  0    Dex: 15    Spells: 38/38 levels left

rFire    + . .     SeeInvis .   l - +∞ Axe of Woe
rCold    . . .     Gourm    .   b - +0 leather armour
rNeg     . . .     Faith    .   (shield currently unavailable)
rPois    .         Spirit   .   (helmet restricted)
rElec    .         Reflect  .   (no cloak)
rCorr    .         Harm     .   (no gloves)
MR       .....     NoTele   +   (no boots)
Stlth    +.........             (no amulet)
Regen    0.3/turn               (no ring)
MPRegen  0.3/turn               (no ring)

@: no status effects
A: horns 2, rugged brown scales 2, fire resistance 1, powered by pain 2, flame
cloud immunity
a: Renounce Religion


You were in the Dungeon.
You worshipped Makhleb.
Makhleb was noncommittal.
You were not hungry.

You visited 1 branch

Inventory:

Hand Weapons
 a - a +0 hand axe
 l - the +∞ Axe of Woe (weapon)
   (You found it in the Dungeon)
Missiles
 e - 5 tomahawks of dispersal {=f}
Armour
 b - a +0 leather armour (worn)
Scrolls
 d - 2 scrolls of blinking {!r}
Potions
 g - a potion of curing
 h - a potion of heal wounds
 i - a potion of haste
 j - 2 potions of magic
 k - a potion of berserk rage {!q}
Books
 c - a book of Spatial Translocations
Comestibles
 f - a bread ration {@e1}


   Skills:
 + Level 14.2 Fighting
 + Level 13.2 Axes
 + Level 13.0 Throwing
 + Level 13.0 Armour
 + Level 13.2 Dodging
 + Level 13.1 Spellcasting
   Level 2.6 Translocations


You had 38 spell levels left.
You didn't know any spells.

Dungeon Overview and Level Annotations

Branches:
Dungeon (1/1)

Altars:
Makhleb


Innate Abilities, Weirdness & Mutations

You have a pair of horns on your head.
You are mostly covered in rugged brown scales. (AC +2, +5% HP)
Your flesh is heat resistant. (rF+)
You sometimes gain power by taking damage.
You are immune to clouds of flame.


Message History

l - the +∞ Axe of Woe (weapon)
You hear a shout! x10
You hear a shout! x2 2 orcs come into view.
There is a burning altar of Makhleb here.
You kneel at the altar of Makhleb.
Makhleb welcomes you!
The bag of meat shouts! x2; You hear a shout! x9
You hear a shout! x11
A bag of meat comes into view. It is wielding a +9 war axe.
The bag of meat shouts!
You hear a shout! x8
You hear a shout! x7
You hear a shout! x5
The meat berserker appears out of thin air!
A meat berserker comes into view. It is wielding a +9 battleaxe.
You hear a shout! x5
A bag of meat comes into view. It is wielding a +9 war axe.
You hear a shout! x3
The meat berserker rages.
You hear a shout! x4
The bag of meat appears out of thin air!
A bag of meat comes into view. It is wielding a +9 war axe.
The bag of meat shouts!
You hear a shout! x11
A bag of meat comes into view. It is wielding a +9 war axe.
A meat berserker comes into view. It is wielding a +9 battleaxe.
The bag of meat shouts!
You hear a shout! x11
An orc and an ogre come into view.
You hear a shout! x14 2 ogres come into view.
The meat berserker shouts!
You hear a shout! x11
A bag of meat comes into view.
It is wielding a +9 war axe. 4 orcs and a two-headed ogre come into view.
The large bag of meat shouts in stereo!
The bag of meat shouts! x4
You hear a shout! x2
The meat berserker rages.
You hear a shout! x6
An orc and an ogre come into view.
You slash the meat berserker!
You slaughter the meat berserker joyfully.
You kill the meat berserker!
Makhleb accepts your kill.
Your Fighting skill gained 12 levels and is now at level 14!
Your Axes skill gained 12 levels and is now at level 13!
Your Throwing skill gained 13 levels and is now at level 13!
Your Armour skill gained 13 levels and is now at level 13!
Your Dodging skill gained 12 levels and is now at level 13!
Your Spellcasting skill gained 11 levels and is now at level 13!
You have reached level 2!
Your demonic ancestry asserts itself...
Rugged brown scales grow over part of your body.
You have reached level 3!
Your experience leads to an increase in your attributes!
Increase (S)trength, (I)ntelligence, or (D)exterity?
You feel stronger.
You have reached level 4!
You feel agile.
Your demonic ancestry asserts itself...
You feel resistant to heat.
You have reached level 5!
You have reached level 6!
Your experience leads to an increase in your attributes!
Increase (S)trength, (I)ntelligence, or (D)exterity?
You feel stronger.
You have reached level 7!
Your demonic ancestry asserts itself...
A pair of horns grows on your head!
You have reached level 8!
You feel agile.
Your demonic ancestry asserts itself...
Rugged brown scales spread over more of your body.
You have reached level 9!
Your experience leads to an increase in your attributes!
Increase (S)trength, (I)ntelligence, or (D)exterity?
You feel stronger.
Your demonic ancestry asserts itself...
You feel energised by your suffering.
You have reached level 10!
You have reached level 11!
Your demonic ancestry asserts itself...
You feel even more energised by your suffering.
You have reached level 12!
Your experience leads to an increase in your attributes!
Increase (S)trength, (I)ntelligence, or (D)exterity?
You feel stronger.
You feel agile.
Your demonic ancestry asserts itself...
The horns on your head grow some more.
You have reached level 13!
Your demonic ancestry asserts itself...
You feel less concerned about heat.
You hear a shout! x6
The meat berserker moves out of view.
You hear a shout! x6
The meat berserker rages.
You hear a shout! x8
The meat berserker hits you with a +9 battleaxe!!!
You hear a shout! x3
A bag of meat comes into view. It is wielding a +9 war axe.
You hear a shout! x2
The meat berserker hits you with a +9 battleaxe!!!
* * * LOW HITPOINT WARNING * * *
You focus on the pain.
You feel your power returning.
You hear a shout!
The meat berserker hits you with a +9 battleaxe!!!
You die...

........... .o...o....
.... ....o..... ......
.oo.oo... .......
O........ #..O...
#.......# ...#...
#O......# .
#......###@......###..
o.....o.OOoO###......
.O..#....o..._.....
.#.......#o....#
......o...#_.<._#
..#.......#.....#...
....#........_........
............###.......
.......###.......###..


You could see a large bag of meat (inner flame), 4 meat berserkers and 12 bags
of meat.

Vanquished Creatures
  An ogre (D)
1 creature vanquished.

Notes
Turn   | Place    | Note
-------+----------+-------------------------------------------
     0 | D        | esc the Demonspawn Warper began the quest for the Orb.
     0 | D        | Reached XP level 1. HP: 16/16 MP: 3/3
     4 | D        | Noticed a bag of meat
     4 | D        | Noticed a bag of meat
     4 | D        | Became a worshipper of Makhleb the Destroyer
     6 | D        | Noticed a bag of meat
     9 | D        | Noticed a bag of meat
     9 | D        | Noticed a meat berserker
    11 | D        | Noticed a bag of meat
    12 | D        | Noticed a bag of meat
    12 | D        | Noticed a meat berserker
    13 | D        | Noticed a meat berserker
    13 | D        | Noticed a bag of meat
    14 | D        | Noticed a meat berserker
    14 | D        | Noticed a meat berserker
    15 | D        | Noticed a bag of meat
    15 | D        | Noticed a large bag of meat
    15 | D        | Noticed a bag of meat
    15 | D        | Noticed a bag of meat
    15 | D        | Noticed a bag of meat
    15 | D        | Noticed a bag of meat
    16 | D        | Noticed a bag of meat
    16 | D        | Noticed a meat berserker
    16 | D        | Killed a meat berserker
    16 | D        | Reached skill level 14 in Fighting
    16 | D        | Reached skill level 13 in Axes
    16 | D        | Reached skill level 13 in Throwing
    16 | D        | Reached skill level 13 in Armour
    16 | D        | Reached skill level 13 in Dodging
    16 | D        | Reached skill level 13 in Spellcasting
    16 | D        | Gained mutation: You are partially covered in rugged brown scales. (AC +1, +3% HP) [demonic ancestry]
    16 | D        | Reached XP level 2. HP: 35/43 MP: 3/16
    16 | D        | Reached XP level 3. HP: 39/49 MP: 3/17
    16 | D        | Gained mutation: Your flesh is heat resistant. (rF+) [demonic ancestry]
    16 | D        | Reached XP level 4. HP: 45/56 MP: 3/19
    16 | D        | Reached XP level 5. HP: 50/62 MP: 3/20
    16 | D        | Reached XP level 6. HP: 56/70 MP: 3/22
    16 | D        | Gained mutation: You have a pair of small horns on your head. [demonic ancestry]
    16 | D        | Reached XP level 7. HP: 61/76 MP: 3/23
    16 | D        | Gained mutation: You are mostly covered in rugged brown scales. (AC +2, +5% HP) [demonic ancestry]
    16 | D        | Reached XP level 8. HP: 61/85 MP: 3/25
    16 | D        | Gained mutation: You sometimes gain a little power by taking damage. [demonic ancestry]
    16 | D        | Reached XP level 9. HP: 66/91 MP: 3/26
    16 | D        | Reached XP level 10. HP: 71/98 MP: 3/27
    16 | D        | Gained mutation: You sometimes gain power by taking damage. [demonic ancestry]
    16 | D        | Reached XP level 11. HP: 76/105 MP: 3/28
    16 | D        | Gained mutation: You have a pair of horns on your head. [demonic ancestry]
    16 | D        | Reached XP level 12. HP: 81/112 MP: 3/29
    16 | D        | Gained mutation: You are immune to clouds of flame. [demonic ancestry]
    16 | D        | Reached XP level 13. HP: 85/118 MP: 3/30
    17 | D        | Noticed a bag of meat
    17 | D        | HP: 2/118 [meat berserker/+9 battleaxe (45)]
    17 | D        | Annihilated by a meat berserker

Vault maps used:
D:        meatsprint

Skill      XL: |  1 |
---------------+----+-----
Fighting       | 14 | 14.2
Axes           | 13 | 13.2
Throwing       | 13 | 13.0
Armour         | 13 | 13.0
Dodging        | 13 | 13.2
Spellcasting   | 13 | 13.1
Translocations | |  2.6

Action                   |  1- 3 |  4- 6 |  7- 9 | 10-12 | 13-15 || total
-------------------------+-------+-------+-------+-------+-------++-------
Melee: Executioner's axe |     1 |       |       |       |       ||     1

Vault maps used:
D:        meatsprint

Table legend:
 A = Turns spent in this place as a percentage of turns spent in the entire game.
 B = Non-inter-level travel turns spent in this place as a percentage of non-inter-level travel turns spent in the entire game.
 C = Inter-level travel turns spent in this place as a percentage of turns spent in this place.
 D = Turns resting spent in this place as a percentage of non-inter-level travel turns spent in this place.
 E = Turns spent auto-exploring this place as a percentage of non-inter-level travel turns spent in this place.
 F = Non-inter-level travel turns spent in this place divided by the number of levels of this place that you've seen.
                   A       B       C       D       E      F
               +-------+-------+-------+-------+-------+----------------------
         Total | 100.0 | 100.0 |   0.0 |   0.0 |   0.0 |  20.0
       Dungeon | 100.0 | 100.0 |   0.0 |   0.0 |   0.0 |  20.0
               +-------+-------+-------+-------+-------+----------------------

Table legend:
 A = Kills in this place as a percentage of kills in entire the game.
 B = Kills by you in this place as a percentage of kills by you in the entire game.
 C = Kills by friends in this place as a percentage of kills by friends in the entire game.
 D = Other kills in this place as a percentage of other kills in the entire game.
 E = Experience gained in this place as a percentage of experience gained in the entire game.
 F = Experience gained in this place divided by the number of levels of this place that you have seen.
                   A       B       C       D       E      F
               +-------+-------+-------+-------+-------+----------------------
         Total | 100.0 | 100.0 |  -nan |  -nan | 100.0 | 38240.0
       Dungeon | 100.0 | 100.0 |  -nan |  -nan | 100.0 | 38240.0
               +-------+-------+-------+-------+-------+----------------------
